 Dungeon Crawl Stone Soup version 0.27-a0-328-g7f782ed93a (webtiles) character file.

Game seed: 14183797742469693762

385 lunkers the Insei (level 6, -1/43 HPs)
             Began as a Merfolk Transmuter on Feb 11, 2021.
             Killed from afar by an orc wizard (6 damage)
             ... with a magic dart
             ... on level 4 of the Dungeon.
             The game lasted 00:08:08 (4738 turns).

lunkers the Insei (Merfolk Transmuter)              Turns: 4738, Time: 00:08:08

Health: -1/43      AC:  2    Str: 17    XL:     6   Next: 77%
Magic:  9/9        EV: 13    Int: 12    God:
Gold:   127        SH:  0    Dex: 16    Spells: 5/9 levels left

rFire    . . .     SeeInvis .     - Unarmed
rCold    . . .     Faith    .   (no shield)
rNeg     . . .     Spirit   .   a - +0 robe
rPois    .         Reflect  .   (helmet currently unavailable)
rElec    .         Harm     .   (no cloak)
rCorr    .         Rampage  .   (no gloves)
Will     .....                  (boots currently unavailable)
Stlth    +.........             (no amulet)
HPRegen  0.14/turn              l - +6 ring of strength
MPRegen  0.11/turn              (no ring)

@: confused, appendages (expiring)
A: change form in water, swift swim, stealthy swim, horns 2
a: End Transformation


You were on level 4 of the Dungeon.
You had grown temporary horns.
You visited 1 branch of the dungeon, and saw 4 of its levels.

You collected 127 gold pieces.

Inventory:

Armour
 a - a +0 robe (worn)
Jewellery
 l - a +6 ring of strength (left hand)
 r - a ring of magical power {unknown}
Scrolls
 b - 6 scrolls of identify {unknown}
 c - 2 scrolls of enchant weapon {unknown}
 g - 3 scrolls of blinking {unknown}
 i - 3 scrolls of random uselessness {unknown}
 j - a scroll of amnesia {unknown}
 k - a scroll of magic mapping {unknown}
Potions
 d - 2 potions of haste
 e - a potion of attraction {unknown}
 f - a potion of cancellation {unknown}
 h - a potion of magic {unknown}
 m - a potion of ambrosia {unknown}
 n - a potion of curing {unknown}
 o - a potion of lignification
 p - 2 potions of mutation {unknown}
 q - a potion of brilliance {unknown}


   Skills:
 - Level 1.1 Fighting
 - Level 2.6 Dodging
 * Level 6.8 Unarmed Combat
 - Level 2.0 Spellcasting
 + Level 5.7 Transmutations


You had 5 spell levels left.
You knew the following spells:

 Your Spells              Type           Power        Failure   Level
b - Spider Form           Tmut/Pois      4%           26%         3
p - Beastly Appendage     Tmut           30%          2%          1

Your spell library contained the following spells:

 Spells                   Type           Power        Failure   Level
 Wereblood                Tmut           15%          3%          2
 Blade Hands              Tmut           7%           56%         5
 Ice Form                 Ice/Tmut       8%           63%         4


Dungeon Overview and Level Annotations

Branches:
Dungeon (4/15)
 Temple: D:4-7

Altars:
Gozag


Innate Abilities, Weirdness & Mutations

You revert to your normal form in water.
You are very nimble and swift while swimming.
You are very stealthy in the water. (Stealth+)
You have a pair of horns on your head.


Message History

You feel sick. The leopard gecko misses you.
Your horns disappear.
You feel sick. The leopard gecko bites you.
* * * LOW HITPOINT WARNING * * *
You feel sick.
You are no longer poisoned.
Casting: Beastly Appendage (safe; 2% risk of failure)
Confirm with . or Enter, or press ? or * to list all spells.
You grow a pair of large bovine horns.
The leopard gecko bites you but does no damage.
You hit the leopard gecko.
You kill the leopard gecko!
You hit something but do no damage. Your headbutt misses something.
Something hits you but does no damage.
You hit something. Something hits you.
* * * LOW HITPOINT WARNING * * *
You miss something. Something hits you.
* * * LOW HITPOINT WARNING * * *
You miss something. You miss something.
You hear some strange, mumbled words.
You are confused.
You bump into the rock wall.
Your transformation is almost over.
You hear some strange, mumbled words.
You are more confused.
You bump into the rock wall.
Something hits you but does no damage.
You hit something. Something hits you.
* * * LOW HITPOINT WARNING * * *
You miss something. Something hits you.
* * * LOW HITPOINT WARNING * * *
You hear some strange, mumbled words.
Something tries to affect you, but you resist.
You're too confused to move!
You're too confused to move!
You hear some strange, mumbled words.
A magic dart appears from out of thin air!
The magic dart hits you.
You die...

#########
........##########
...####.....Z{@..#
........#######.#
.....#..# #.#
#..##.#..# #.####
##..##....# #....#
..........####
####.#
.###.##.†.....#
#.#
..............#
#.#
........(.....#
###.#


You could see an adder skeleton.

Vanquished Creatures
  A water moccasin skeleton (D:4)
  A hound (D:2)
  An orc priest (D:2)
  2 worker ants
  3 orc wizards
  6 adders
  2 oozes
  2 worms (D:2)
  2 dart slugs
  5 leopard geckos
  11 orcs
  2 giant cockroaches (D:3)
  9 goblins
  6 hobgoblins
  3 jackals (D:2)
  2 quokkas
  A ball python (D:2)
  4 bats
  6 frilled lizards
  6 kobolds
  8 rats
83 creatures vanquished.

Notes
Turn   | Place    | Note
-------+----------+-------------------------------------------
     0 | D:1      | lunkers the Merfolk Transmuter began the quest for the Orb.
     0 | D:1      | Reached XP level 1. HP: 15/15 MP: 3/3
   443 | D:1      | Reached XP level 2. HP: 21/21 MP: 3/5
   572 | D:1      | Reached skill level 4 in Unarmed Combat
   984 | D:2      | Reached XP level 3. HP: 4/26 MP: 4/6
  1374 | D:2      | Reached XP level 4. HP: 20/32 MP: 7/7
  1512 | D:2      | Reached skill level 5 in Unarmed Combat
  1516 | D:2      | Learned a level 3 spell: Spider Form
  2265 | D:2      | Reached XP level 5. HP: 37/37 MP: 6/8
  3223 | D:3      | Reached skill level 5 in Transmutations
  3232 | D:3      | Reached skill level 6 in Unarmed Combat
  3232 | D:3      | Reached XP level 6. HP: 7/43 MP: 6/9
  3246 | D:3      | HP: 3/64 [poisoned by a kobold]
  3254 | D:3      | HP: 3/64 [poisoned by a kobold]
  3987 | D:3      | Found an opulent altar of Gozag.
  4738 | D:4      | Killed from afar by an orc wizard

Illustrated notes

Levels and vault maps discovered:
D:1:      dpeg_arrival_rooms_b, layout_rooms, minmay_small_reverse_x
D:2:      layout_basic, grunt_ministairs_2
D:3:      layout_basic, lemuel_round_altar, grunt_ministairs_4
D:4:      minmay_bubble_buster, layout_loops_cross,
          nicolae_overflow_hidden_temple, minmay_misc_feat_more_columns,
          nrook_loot_triangle

Skill      XL: |  1  2  3  4  5 |
---------------+----------------+-----
Transmutations | 3 4 5 |  5.7
Unarmed Combat | 4 5 6 |  6.8
Fighting       | |  1.1
Dodging        | |  2.6
Spellcasting   | |  2.0

Action                   |  1- 3 |  4- 6 || total
-------------------------+-------+-------++-------
Melee: Unarmed           |   106 |   170 ||   276
       Headbutt          |     8 |    18 ||    26
       Punch             |     2 |     3 ||     5
 Cast: Beastly Appendage |    15 |    22 ||    37
       Spider Form       |       |    10 ||    10
  Use: Potion            |     2 |     1 ||     3
 Stab: Sleeping          |       |     3 ||     3
Armor: Robe              |    16 |    12 ||    28
       Skin              |       |    12 ||    12
Dodge: Dodged            |    70 |   112 ||   182

Table legend: (Time is in decaauts)
 A = Elapsed time spent in this place.
 B = Non-inter-level travel time spent in this place.
 C = Inter-level travel time spent in this place.
 D = Time resting spent in this place.
 E = Time spent auto-exploring this place.
 F = Levels seen in this place.
 G = Mean time per level.
                   A        B        C        D        E       F      G
               +--------+--------+--------+--------+--------+-----+--------+
         Total |   4708 |   4602 |    106 |    587 |   3363 |   4 | 1177.0 |
       Dungeon |   4708 |   4602 |    106 |    587 |   3363 |   4 | 1177.0 |
               +--------+--------+--------+--------+--------+-----+--------+

Top non-repeatable levels by time:
     D:2: 2116 daAuts
     D:3: 1509 daAuts
     D:1: 787 daAuts
     D:4: 294 daAuts
